 Dungeon Crawl Stone Soup version 0.29.1-12-g30fa7ad0bf (webtiles) character file.

Game seed: 17057566023615910378

7218 Gabide the Fighter (level 10, -13/87 HPs)
             Began as a Mummy Berserker on Dec 19, 2022.
             Was a Priest of Trog.
             Mangled by a two-headed ogre
             ... wielding a +0 giant spiked club
              (27 damage)
             ... on level 10 of the Dungeon.
             The game lasted 00:15:49 (14043 turns).

Gabide the Fighter (Mummy Berserker)               Turns: 14043, Time: 00:15:50

Health: -13/87     AC:  8    Str: 25    XL:     10   Next: 87%
Magic:  0/10       EV: 15    Int:  6    God:    Trog [***...]
Gold:   634        SH:  0    Dex: 12    Spells: 9/9 levels left

rFire   + . .      SeeInvis .     - Unarmed
rCold   + + .      Faith    .   (no shield)
rNeg    + + +      Spirit   +   g - +2 robe {rC+ rF+}
rPois   ∞          Reflect  .   (no helmet)
rElec   .          Harm     .   h - +0 cloak
rCorr   .          Rampage  .   (no gloves)
Will    ++++.                   s - +2 pair of boots
Stlth   +.........              q - amulet of guardian spirit
HPRegen 1.24/turn               f - ring of protection from fire
MPRegen 0.12/turn               l - ring of willpower

@: strong-willed, regenerating, studying Dodging
A: cold resistance 1, negative energy resistance 3, torment resistance 2, heat
vulnerability 1, in touch with death 1, no potions
a: Renounce Religion, Trog's Hand


You were on level 10 of the Dungeon.
You worshipped Trog.
Trog was most pleased with you.
You visited 1 branch of the dungeon, and saw 10 of its levels.
You also visited: Sewer.

You collected 634 gold pieces.

Inventory:

Missiles
 i - 5 boomerangs
 r - 3 poisoned darts (quivered)
Armour
 g - a +2 robe of resistance (worn)
 h - a +0 cloak (worn)
 s - a +2 pair of boots (worn)
 u - a scarf of repulsion
 z - +0 steam dragon scales
Jewellery
 a - a ring of protection from cold
 f - a ring of protection from fire (left hand)
 l - a ring of willpower (right hand)
 m - a +4 ring of evasion
 q - an amulet of guardian spirit (around neck)
 v - a +6 ring of dexterity
 w - a ring of magical power
Wands
 b - a wand of iceblast (10)
 j - a wand of flame (23)
 n - a wand of digging (5)
Scrolls
 c - a scroll of fear
 d - 2 scrolls of teleportation
 e - a scroll of torment {unknown}
 k - 3 scrolls of enchant weapon
 o - a scroll of magic mapping
 p - a scroll of vulnerability
 t - a scroll of blinking


   Skills:
 * Level 11.1 Fighting
 - Level 1.5 Armour
 + Level 8.6 Dodging
 * Level 9.3 Unarmed Combat


You had 9 spell levels left.
You didn't know any spells.
Your spell library was empty.

Dungeon Overview and Level Annotations

Branches:
Dungeon (10/15)            Temple (0/1) D:5            Lair (0/5) D:10
    Orc (0/2) D:10          Sewer (visited)

Altars:
Cheibriados
Kikubaaqudgha
Makhleb
Okawaru
Sif Muna
Trog
Uskayaw
Vehumet
Wu Jian
Xom
Yredelemnul

Shops:
D:3 (   D:5 !

Annotations:
D:10 1 runed translucent door, matvey144's ghost, journeyman MiFi


Innate Abilities, Weirdness & Mutations

You are immune to poison.
Your flesh is cold resistant. (rC+)
You are immune to negative energy. (rN+++)
You are immune to unholy pain and torment.
You are vulnerable to heat. (rF-)
You are in touch with the powers of death.
You do not drink.


Message History

Okay, then.
Unknown command.
Unknown command.
Unknown command.
You pummel the ogre!!
You kill the ogre!
Trog accepts your kill. The gnoll sergeant closely misses you.
The two-headed ogre misses you.
The two-headed ogre hits you with a +0 giant club!
Things that are here:
a +0 giant club; a +0 mace; an ogre corpse You hit the two-headed ogre.
The two-headed ogre is lightly wounded.
The gnoll sergeant barely misses you.
You hit the two-headed ogre but do no damage.
The two-headed ogre is lightly wounded.
The two-headed ogre hits you with a +0 giant club!!
The two-headed ogre misses you.
You hear a shout! x3
You hit the two-headed ogre.
The two-headed ogre is lightly wounded.
The gnoll sergeant completely misses you.
You hit the two-headed ogre but do no damage.
You punch the two-headed ogre, but do no damage.
The two-headed ogre is lightly wounded.
The two-headed ogre hits you with a +0 giant club!
The two-headed ogre hits you with a +0 giant club!!
* * * LOW HITPOINT WARNING * * *
The gnoll sergeant barely misses you.
The two-headed ogre attacks as you move away!
The two-headed ogre hits you with a +0 giant club!!
* * * LOW HITPOINT WARNING * * *
The two-headed ogre barely misses you.
A two-headed ogre comes into view.
It is wielding a +0 giant spiked club and a +0 giant club.
The two-headed ogre shouts in stereo!
The two-headed ogre misses you. x2
The two-headed ogre attacks as you move away!
The two-headed ogre closely misses you.
The two-headed ogre hits you with a +0 giant club!!
You die...

#.###.##.# ##+##
####........#
##...###........####
##.....##.#####..#
##.......#.# ##...##
#..........###.....#
+...........K..K.#.#
#........O.##....#)#
#....@O.#..g....#g#
##.....#####.####.T.oO
##...## #.# #.#oo.
##+## #.# #.#8K( #..
#.# ## #.. ..# ###


You could see 2 two-headed ogres and a kobold brigand.

Vanquished Creatures
  3 two-headed ogres
  Amaemon (D:8)
  Pikel (D:7)
  An orange demon (D:8)
  Prince Ribbit (D:8)
  A shadow (D:9)
  A wyvern (D:9)
  Grum (D:8)
  A steam dragon (D:7)
  A water moccasin (D:9)
  An orc warrior (D:7)
  A black bear (D:6)
  2 ice beasts (D:6)
  3 ogres
  2 wolves (D:8)
  4 centaurs
  2 phantoms
  A lemure (D:8)
  4 bullfrogs
  A scorpion (D:6)
  9 wights
  6 killer bees (D:7)
  A howler monkey (D:5)
  A crimson imp (D:3)
  10 orc priests
  A hound (D:5)
  3 gnoll boudas
  A jelly (D:4)
  2 iguanas (D:4)
  8 orc wizards
  11 gnolls
  7 adders
  3 white imps
  5 worms
  A dart slug (D:1)
  24 orcs
  7 endoplasms
  9 giant cockroaches
  3 goblins
  3 hobgoblins
  6 jackals
  2 quokkas (Sewer)
  12 ball pythons
  4 bats
  12 frilled lizards
  2 kobolds
  4 rats
190 creatures vanquished.

Vanquished Creatures (others)
  3 plants (D:10)
3 creatures vanquished.

Grand Total: 193 creatures vanquished

Notes
Turn   | Place    | Note
-------+----------+-------------------------------------------
     0 | D:1      | Gabide the Mummy Berserker began the quest for the Orb.
     0 | D:1      | Reached XP level 1. HP: 18/18 MP: 1/1
   361 | D:1      | Reached XP level 2. HP: 22/24 MP: 2/2
  1491 | D:2      | Gained mutation: You are in touch with the powers of death.
                  | [Mummy growth]
  1491 | D:2      | Reached XP level 3. HP: 25/29 MP: 3/3
  1493 | D:2      | Reached ** piety under Trog
  1693 | D:2      | Found a faded altar of an unknown god.
  2556 | D:3      | Found a glowing drain.
  2588 | D:3      | Reached XP level 4. HP: 25/37 MP: 4/4
  2609 | Sewer    | Entered a sewer
  2769 | Sewer    | Reached skill level 4 in Fighting
  3025 | Sewer    | Reached *** piety under Trog
  3101 | Sewer    | Noticed a bullfrog
  3110 | Sewer    | Killed a bullfrog
  3111 | Sewer    | Reached XP level 5. HP: 23/43 MP: 5/5
  3404 | D:3      | Found a burning altar of Makhleb.
  3404 | D:3      | Found a radiant altar of Vehumet.
  3411 | D:3      | Reached XP level 6. HP: 36/50 MP: 6/6
  3549 | D:3      | Found Usumuuw's Weapon Shoppe.
  4088 | D:4      | Reached skill level 5 in Fighting
  4802 | D:4      | Identified the +1 leather armour of Satisfaction {Harm rF-
                  | Will+}
  4965 | D:5      | Entered Level 5 of the Dungeon
  4966 | D:5      | Found Orphapug's Distillery.
  5216 | D:5      | Found a staircase to the Ecumenical Temple.
  5249 | D:5      | Reached XP level 7. HP: 50/56 MP: 7/7
  5449 | D:5      | Identified a scroll of acquirement
  5449 | D:5      | Acquired a manual of Dodging
  5745 | D:6      | Reached skill level 6 in Fighting
  5745 | D:6      | Reached skill level 5 in Unarmed Combat
  5957 | D:6      | Found an iron altar of Okawaru.
  6198 | D:6      | Reached XP level 8. HP: 55/65 MP: 6/8
  6643 | D:6      | Identified the +3 leather armour "Neer" {rPois}
  6681 | D:5      | Reached skill level 7 in Fighting
  6942 | D:6      | Found a shimmering altar of Xom.
  7222 | D:7      | Found an ornate altar of the Wu Jian Council.
  7262 | D:7      | Reached skill level 5 in Dodging
  7714 | D:7      | Found a basalt altar of Yredelemnul.
  7714 | D:7      | Found a bloodstained altar of Trog.
  7717 | D:7      | Found an ancient bone altar of Kikubaaqudgha.
  7999 | D:7      | Reached skill level 8 in Fighting
  8364 | D:7      | Reached XP level 9. HP: 73/74 MP: 7/9
  8364 | D:7      | Reached **** piety under Trog
  8388 | D:7      | Found a snail-covered altar of Cheibriados.
  8500 | D:7      | Found a shimmering blue altar of Sif Muna.
  9376 | D:8      | Noticed Pikel
  9401 | D:7      | Killed Pikel
  9402 | D:7      | Reached skill level 9 in Fighting
  9651 | D:8      | Noticed Amaemon
  9654 | D:8      | Noticed an orange demon
  9662 | D:8      | Killed an orange demon
  9663 | D:8      | Killed Amaemon
  9664 | D:8      | Reached XP level 10. HP: 46/84 MP: 5/10
 10170 | D:8      | Noticed Grum
 10191 | D:8      | Killed Grum
 10837 | D:8      | Reached skill level 10 in Fighting
 10938 | D:8      | Noticed Prince Ribbit
 10963 | D:8      | Killed Prince Ribbit
 11835 | D:9      | Noticed a two-headed ogre
 11835 | D:9      | Noticed a two-headed ogre
 11957 | D:8      | Killed a two-headed ogre
 12479 | D:9      | Killed a two-headed ogre
 13567 | D:10     | Entered Level 10 of the Dungeon
 13583 | D:10     | Noticed a two-headed ogre
 13593 | D:10     | Killed a two-headed ogre
 13594 | D:10     | Reached skill level 11 in Fighting
 13783 | D:10     | Found a hide-covered altar of Uskayaw.
 13961 | D:10     | Found a runed translucent door.
 13971 | D:10     | Noticed matvey144's ghost (journeyman MiFi)
 13971 | D:10     | Identified the +6 spear of Isautose {freeze, Str+7}
 13998 | D:10     | Found a staircase to the Lair.
 14018 | D:10     | Found a staircase to the Orcish Mines.
 14018 | D:10     | Noticed a two-headed ogre
 14035 | D:10     | HP: 4/87 [two-headed ogre/+0 giant club (23)]
 14035 | D:10     | Noticed a two-headed ogre
 14043 | D:10     | Mangled by a two-headed ogre

Illustrated notes

Levels and vault maps discovered:
D:1:      sevenhm_arrival_forest_fort_small_6, layout_basic
D:2:      layout_loops_ring, chequers_ecumenical_altar_island, basic_altar,
          minmay_distorted
D:3:      layout_loops_ring, grunt_temple_overflow_lords_of_destruction,
          serial_shops, shop, portal_sewer_entry_b,
          chequers_serial_rivers_small_a
D:4:      layout_loops_ring, minmay_close_crescents
D:5:      layout_basic, tso_metal_star, minmay_temple_entry_statues,
          serial_shops, nicolae_shop_stone
D:6:      layout_rooms, mainiacjoe_overflow_big_doors
D:7:      layout_gridville, chequers_temple_overflow_statue_of_worship,
          kennysheep_mini_moat, mainiacjoe_overflow_boulevard,
          nicolae_overflow_hidden_temple
D:8:      layout_cave_pods, uniq_pikel, uniq_amaemon, uniq_prince_ribbit1,
          uniq_grum
D:9:      layout_cave_pods, enter_bailey_8, grunt_decor_arrowhead
D:10:     minmay_firetagon, layout_loops_corners, mainiacjoe_overflow_paths,
          kennysheep_orc_monster_closet_entryway, ebering_ghost_funeral_grove,
          nzn_sisyphean_effort

Skill      XL: |  1  2  3  4  5  6  7  8  9 10 |
---------------+-------------------------------+-----
Dodging        | 2 3 4 5 7 8 |  8.6
Unarmed Combat | 3 4 5 6 8 9 |  9.3
Fighting       | 4 5 6 8 9 11 | 11.1
Armour         | |  1.5

Action                   |  1- 3 |  4- 6 |  7- 9 | 10-12 || total
-------------------------+-------+-------+-------+-------++-------
Melee: Unarmed           |   171 |   208 |   339 |   183 ||   901
       Punch             |     2 |     9 |    19 |    15 ||    45
Throw: Dart              |       |       |    12 |    13 ||    25
       Boomerang         |       |       |       |     1 ||     1
Invok: Trog's Hand       |       |     2 |     4 |     4 ||    10
Evoke: Wand              |       |     3 |    23 |     5 ||    31
  Use: Scroll            |       |     2 |    15 |     5 ||    22
 Stab: Paralysed         |       |       |    14 |       ||    14
Armor: Animal skin       |    23 |       |       |       ||    23
       Ring mail         |    22 |    84 |    84 |       ||   190
       Steam dragon scal |       |       |    26 |       ||    26
       Robe              |       |       |    41 |    49 ||    90
Dodge: Dodged            |    91 |   113 |   291 |   172 ||   667
